 Dungeon Crawl Stone Soup version 0.20.1-1-g8b1a95d (webtiles) character file.

133 Jazqa the Cutter (level 5, -2/37 HPs)
             Began as a Halfling Fighter on Nov 2, 2017.
             Slain by letownia2's ghost (5 damage)
             ... on level 4 of the Dungeon.
             The game lasted 00:04:55 (2189 turns).

Jazqa the Cutter (Halfling Fighter)                 Turns: 2189, Time: 00:04:55

Health: -2/37      AC:  8    Str: 22    XL:     5   Next: 39%
Magic:  5/5        EV:  9    Int:  6    God:
Gold:   184        SH: 10    Dex: 15    Spells: 4/4 levels left

rFire    . . .     SeeInvis .   a - +0 rapier
rCold    . . .     Gourm    .   c - +0 shield
rNeg     . . .     Faith    .   b - +0 scale mail
rPois    .         Spirit   .   (no helmet)
rElec    .         Reflect  .   j - +0 cloak
rCorr    .         Harm     .   (no gloves)
MR       .....                  (no boots)
Stlth    ..........             (no amulet)
Regen    0.2/turn               (no ring)
MPRegen  0.1/turn               (no ring)

@: mighty
A: mutation resistance 1
a: no special abilities


You were on level 4 of the Dungeon.
You were not hungry.

You visited 1 branch of the dungeon, and saw 4 of its levels.

You collected 184 gold pieces.


Innate Abilities, Weirdness & Mutations

You are small and have problems with some larger weapons.
You are somewhat resistant to further mutation.


   Skills:
 + Level 4.2 Fighting
 + Level 4.5 Short Blades
 - Level 3.2 Armour
 - Level 3.2 Shields


You had 4 spell levels left.
You didn't know any spells.

Inventory:

Hand Weapons
 a - a +0 rapier (weapon)
Armour
 b - a +0 scale mail (worn)
 c - a +0 shield (worn)
 j - a +0 cloak (worn)
Scrolls
 e - 2 scrolls of amnesia {unknown}
 h - a scroll of fear {unknown}
 i - 2 scrolls of remove curse {unknown}
 k - a scroll of identify {unknown}
 p - a scroll of teleportation {unknown}
 q - a scroll of recharging {unknown}
Potions
 g - a potion of ambrosia {unknown}
 l - 3 potions of curing {unknown}
 m - a potion of lignification {unknown}
 n - a potion of cancellation {unknown}
 s - a potion of brilliance {unknown}
Comestibles
 f - 4 bread rations {@e1}
 o - 3 chunks of flesh
 r - a fruit {@e2}

Dungeon Overview and Level Annotations

Branches:
Dungeon (4/15)
 Temple: D:4-7

Altars:
Dithmenos
Makhleb

Annotations:
D:4 letownia2's ghost, weakling DDNe

###
#<#
#.#
###.#
#...#
#.###
#@#
#W#
...
##.#.
#.#.#
#.# #
#..
...


You could see letownia2's ghost.


Message History

You feel very mighty all of a sudden.
Letownia2's ghost moves out of view.
Letownia2's ghost casts a spell at you. Pain shoots through your body!
You closely miss letownia2's ghost.
Letownia2's ghost gestures at you while chanting.
You barely resist. You puncture letownia2's ghost!
Letownia2's ghost is moderately damaged.
Letownia2's ghost hits you but does no damage.
Letownia2's ghost hits you.
You closely miss letownia2's ghost.
Letownia2's ghost is moderately damaged.
Letownia2's ghost hits you.
* * * LOW HITPOINT WARNING * * *
Your shield and scale mail prevent you from hitting letownia2's ghost.
Letownia2's ghost is moderately damaged.
You block letownia2's ghost's attack.
You hit letownia2's ghost.
Letownia2's ghost is heavily damaged.
Letownia2's ghost gestures at you while chanting.
Pain shoots through your body!
* * * LOW HITPOINT WARNING * * *
Your shield prevents you from hitting letownia2's ghost.
Letownia2's ghost is heavily damaged.
Letownia2's ghost hits you but does no damage.
You closely miss letownia2's ghost.
Letownia2's ghost is heavily damaged.
Letownia2's ghost hits you.
You die...

Skill      XL: |  1  2  3  4 |
---------------+-------------+-----
Fighting       | 3 4 |  4.2
Short Blades   | 3 4 |  4.5
Armour         | |  3.2
Shields        | |  3.2

Action                   |  1- 3 |  4- 6 || total
-------------------------+-------+-------++-------
Melee: Rapier            |   124 |   115 ||   239
  Use: Potion            |     2 |     1 ||     3
  Eat: Chunk             |       |     4 ||     4
Armor: Scale mail        |    54 |    47 ||   101
Dodge: Dodged            |    46 |    29 ||    75
Block: Shield            |    66 |    49 ||   115

Vault maps used:
D:1:      onia_arrival_larder
D:2:      old_standard_altar, columned_hall_lemuel
D:3:      makhleb_altar_promises_db
D:4:      first_bread, kennysheep_generic_room_15, uniq_edmund, uniq_grinder,
          uniq_ijyb

Notes
Turn   | Place    | Note
-------+----------+-------------------------------------------
     0 | D:1      | Jazqa the Halfling Fighter began the quest for the Orb.
     0 | D:1      | Reached XP level 1. HP: 15/15 MP: 1/1
   110 | D:1      | Reached XP level 2. HP: 18/20 MP: 2/2
   143 | D:1      | Reached skill level 3 in Fighting
   320 | D:1      | Reached skill level 3 in Short Blades
   364 | D:1      | Reached XP level 3. HP: 24/26 MP: 3/3
   629 | D:2      | HP: 2/26 [poisoned by an adder]
   643 | D:2      | Reached XP level 4. HP: 4/32 MP: 4/4
  1158 | D:2      | Found a shadowy altar of Dithmenos.
  1195 | D:2      | Reached skill level 4 in Short Blades
  1339 | D:2      | Reached skill level 4 in Fighting
  1339 | D:2      | Reached XP level 5. HP: 37/37 MP: 5/5
  1470 | D:3      | Found a burning altar of Makhleb.
  1474 | D:3      | Noticed an Executioner
  2179 | D:4      | Noticed letownia2's ghost (weakling DDNe)
  2187 | D:4      | HP: 3/37 [letownia2's ghost/nerve-wracking pain (12)]
  2189 | D:4      | Slain by letownia2's ghost

Vanquished Creatures
  6 adders
  An ooze (D:1)
  A worm (D:2)
  3 dart slugs
  7 orcs (D:3)
  7 bats
  3 giant cockroaches (D:1)
  6 goblins
  5 hobgoblins
  4 jackals (D:2)
  A ball python (D:1)
  3 frilled lizards (D:1)
  6 kobolds
  9 rats
62 creatures vanquished.
